 Dungeon Sprint DCSS version 0.27-a0-1119-gbf574a6a6b (webtiles) character file.

Game seed: 9906203683047404336

865 mhtbhm the Arsonist (level 7, -3/36 HPs)
             Began as a Deep Elf Fire Elementalist on May 2, 2021.
             Was a Priest of Vehumet.
             Shot with a bolt by a yaktaur captain (39 damage)
             ... in the Dungeon (Sprint V: "Ziggurat Sprint").
             The game lasted 00:01:21 (442 turns).

mhtbhm the Arsonist (Deep Elf Fire Elementalist)     Turns: 442, Time: 00:01:22

Health: -3/36      AC:  8    Str:  5    XL:     7   Next: 72%
Magic:  18/23      EV: 23    Int: 28    God:    Vehumet [***...]
Gold:   0          SH:  0    Dex: 15    Spells: 11/27 levels left

rFire    + . .     SeeInvis .   C - +8 lance "Wyrmbane" {slay drac, rPois rF+ rC+ AC+3}
rCold    + . .     Faith    .   (no shield)
rNeg     . . .     Spirit   .   a - +0 steam dragon scales
rPois    +         Reflect  .   (no helmet)
rElec    .         Harm     .   r - scarf {shadows}
rCorr    .         Rampage  .   (no gloves)
Will     .....     NoTele   +   (no boots)
Stlth    ++++......             (no amulet)
HPRegen  0.12/turn              u - +6 ring of intelligence
MPRegen  0.18/turn              s - ring of the Hare {EV+8}

@: no status effects
A: no striking features
a: Renounce Religion


You were in the Dungeon.
You worshipped Vehumet.
Vehumet was most pleased with you.
You visited 1 branch

Inventory:

Hand Weapons
 C - the +8 lance "Wyrmbane" (weapon) {slay drac, rPois rF+ rC+ AC+3}
   (You found it in the Dungeon)

   It affects your AC (+3).
   It protects you from fire.
   It protects you from cold.
   It protects you from poison.
Armour
 a - +0 steam dragon scales (worn)
 r - a scarf of shadows (worn)
Jewellery
 s - the ring of the Hare (right hand) {EV+8}
   (You found it in the Dungeon)

   [ring of evasion]

   It affects your evasion (+8).
 u - a +6 ring of intelligence (left hand)
 v - a +6 ring of intelligence
Wands
 y - a wand of mindburst (7)
 z - a wand of iceblast (5)
 A - a wand of acid (7)
Scrolls
 h - 4 scrolls of blinking
 m - 4 scrolls of amnesia
 n - 7 scrolls of fog
 o - a scroll of holy word
 p - 5 scrolls of identify
 q - 2 scrolls of fear
Potions
 b - 2 potions of brilliance
 c - 10 potions of curing
 d - 10 potions of heal wounds
 e - 6 potions of haste
 f - 7 potions of magic
 g - 3 potions of berserk rage
 i - 2 potions of invisibility
 j - 4 potions of resistance
 k - a potion of experience
 l - 5 potions of might
Miscellaneous
 B - a lightning rod (4/4)


   Skills:
 + Level 7.4 Dodging
 + Level 7.4 Stealth
 + Level 10.5 Spellcasting
 + Level 2.3 Conjurations
 + Level 13.3 Fire Magic
 + Level 3.5 Evocations


You had 11 spell levels left.
You knew the following spells:

 Your Spells              Type           Power      Damage    Failure   Level
a - Foxfire               Conj/Fire      100%       2x1d9     1%          1
b - Conjure Flame         Conj/Fire      55%        6-21      1%          3
c - Inner Flame           Hex/Fire       51%        N/A       1%          3
d - Sticky Flame          Conj/Fire      55%        2d7       1%          4
e - Fireball              Conj/Fire      27%        3d12      1%          5

Your spell library contained the following spells:

 Spells                   Type           Power      Damage    Failure   Level
 Static Discharge         Conj/Air       21%        N/A       1%          2
 Freeze                   Ice            56%        1d7       1%          1
 Animate Skeleton         Necr           28%        N/A       3%          1
 Apportation              Tloc           28%        N/A       3%          1
 Corona                   Hex            15%        N/A       3%          1
 Summon Small Mammal      Summ           56%        N/A       3%          1
 Frozen Ramparts          Ice            28%        1d4       3%          3
 Hailstorm                Conj/Ice       21%        3d6       7%          4
 Ozocubu's Armour         Ice            14%        N/A       12%         3
 Metabolic Englaciation   Hex/Ice        7%         N/A       71%         5


Dungeon Overview and Level Annotations

Branches:
Dungeon (1/1)

Altars:
Ashenzari
Cheibriados
Dithmenos
Elyvilon
Fedhas
Gozag
Hepliaklqana
Kikubaaqudgha
Makhleb
Nemelex Xobeh
Okawaru
Qazlal
Ru
Sif Muna
Trog
Uskayaw
Vehumet
Wu Jian
Xom
Yredelemnul
Zin
The Shining One
Beogh
Jiyva
Lugonu

Annotations:
D 1 transporter


Message History

Aim: an orc wizard, wielding a +0 dagger and wearing a +0 robe (severely wounded)
The fireball explodes!
The fireball engulfs the orc wizard!!
You kill the orc wizard!
Vehumet accepts your kill.
Unknown command.
Things that are here:
a +0 whip; an orc corpse
Items here: )) [[ | †.
Things that are here:
a +0 short sword; a +0 leather armour; an orc corpse
Items here: )) [[ | †.
You see here a staff of cold.
You start resting.
Magic restored.
There is a transporter here.
Welcome to arena 5.
You enter the transporter and appear at another place.
A yaktaur captain, an ironbound convoker and an ironbound frostheart come into view.
Found five items.
Found a transporter.
Unknown command.
Unknown command.
Casting: Fireball (dangerous; 1% risk of failure)
Confirm with . or Enter, or press ? or * to list all spells.
Aiming: Fireball (dangerous; 1% risk of failure)
Press: ? - help, Shift-Dir - straight line, f - yaktaur captain
Aim: a yaktaur captain, quivering bolts (asleep)
The fireball explodes!
The fireball engulfs the yaktaur captain!!
The yaktaur captain is moderately wounded.
The yaktaur captain shouts!
The fireball engulfs the ironbound convoker!
The ironbound convoker is moderately wounded.
The ironbound convoker shouts!
The fireball engulfs the ironbound frostheart.
The ironbound frostheart is lightly wounded.
The ironbound frostheart shouts!
The yaktaur captain wields a +0 arbalest.
The yaktaur captain shoots a bolt.
The bolt hits you!!!
Ouch! That really hurt!
You die...

▓..©..▓..©..▓▓▓▓▓▓▓
▓▓▓▓▓▓▓▓▓▓▓▓▓▓
▓..8©8...▓..8©8...▓
▓..||)...▓..:pp...▓
▓..))....▓..".c...▓
▓...)....▓........▓
▓........▓........▓
▓.▓....▓.▓........▓
▓...©....▓...@....▓
▓▓▓▓▓▓▓▓▓▓▓▓▓▓▓▓▓▓▓


You could see a yaktaur captain, an ironbound frostheart and an ironbound
convoker.

Vanquished Creatures
  3 steam dragons (D)
  A swamp drake (D)
  A necrophage (D)
  A phantom (D)
  2 scorpions (D)
  3 orc priests (D)
  An orc wizard (D)
  A bat zombie (D)
13 creatures vanquished.

Notes
Turn   | Place    | Note
-------+----------+-------------------------------------------
     0 | D        | mhtbhm the Deep Elf Fire Elementalist began the quest for
                  | the Orb.
     0 | D        | Reached XP level 1. HP: 10/10 MP: 6/6
     0 | D        | Found a shimmering blue altar of Sif Muna.
     0 | D        | Found a bloodstained altar of Trog.
     0 | D        | Found a sacrificial altar of Ru.
     0 | D        | Found a stormy altar of Qazlal.
     0 | D        | Found an iron altar of Okawaru.
     1 | D        | Found a sparkling altar of Nemelex Xobeh.
     1 | D        | Found a blossoming altar of Fedhas.
     2 | D        | Found the +6 Majin-Bo {vamp, MP+6 Int+6}
     2 | D        | Found the +9 heavy crossbow "Sniper" {vorpal, Acc+∞ SInv}
     2 | D        | Found the +10 dark maul {vorpal}
     2 | D        | Found the +15 Maxwell's patent armour {-Cast -Tele rElec
                  | Will+ rCorr}
     2 | D        | Found the +18 shield of the Gong {rElec rN+ Will+ EV-5}
     2 | D        | Found the +14 obsidian axe {vorpal, Drain Fly SInv}
     2 | D        | Found the +7 great mace "Firestarter" {inner flame, rF++}
     2 | D        | Found the +6 shillelagh "Devastator" {shatter}
     2 | D        | Found the +11 plutonium sword {Contam Stlth-}
     2 | D        | Found the +8 lance "Wyrmbane" {slay drac, rPois rF+ rC+
                  | AC+3}
     2 | D        | Found the +9 sword of Zonguldrok {reap}
     2 | D        | Found the +13 scythe of Curses {drain, Drain}
     2 | D        | Found the +5 sword of Power {vorpal}
     2 | D        | Found the +7 mace of Variability {chain chaos}
     2 | D        | Found the +7 Singing Sword {vorpal, sonic wave}
     2 | D        | Found the +8 storm bow {elec, penet}
     3 | D        | Found a transporter.
     3 | D        | Found an ancient bone altar of Kikubaaqudgha.
     3 | D        | Found a viscous altar of Jiyva.
     3 | D        | Found a corrupted altar of Lugonu.
     3 | D        | Found a hazy altar of Hepliaklqana.
     3 | D        | Found a burning altar of Makhleb.
     3 | D        | Found an opulent altar of Gozag.
    35 | D        | Became a worshipper of Vehumet
    59 | D        | Entered arena 2.
    59 | D        | Noticed a scorpion
    59 | D        | Noticed a scorpion
    59 | D        | Found a transporter.
    61 | D        | Killed a scorpion
    61 | D        | Killed a scorpion
    62 | D        | Reached skill level 8 in Fire Magic
    62 | D        | Reached XP level 2. HP: 7/15 MP: 7/11
    62 | D        | Reached XP level 3. HP: 9/19 MP: 7/12
    62 | D        | Reached XP level 4. HP: 11/24 MP: 8/14
    66 | D        | Learned a level 3 spell: Conjure Flame
    70 | D        | Learned a level 3 spell: Inner Flame
    75 | D        | Learned a level 4 spell: Sticky Flame
   221 | D        | Entered arena 3.
   221 | D        | Noticed a phantom
   221 | D        | Noticed a necrophage
   221 | D        | Found a transporter.
   222 | D        | Found the ring of the Hare {EV+8}
   223 | D        | Reached * piety under Vehumet
   223 | D        | Offered knowledge of Magic Dart by Vehumet.
   224 | D        | Killed a necrophage
   225 | D        | Reached skill level 5 in Dodging
   225 | D        | Reached skill level 5 in Stealth
   225 | D        | Reached skill level 9 in Fire Magic
   225 | D        | Reached skill level 1 in Evocations
   225 | D        | Reached XP level 5. HP: 28/28 MP: 14/16
   225 | D        | Killed a phantom
   226 | D        | Reached skill level 10 in Fire Magic
   226 | D        | Reached XP level 6. HP: 32/32 MP: 15/19
   232 | D        | Learned a level 5 spell: Fireball
   256 | D        | Entered arena 4.
   256 | D        | Noticed a steam dragon
   256 | D        | Noticed a steam dragon
   256 | D        | Noticed a swamp drake
   256 | D        | Noticed a steam dragon
   256 | D        | Found a transporter.
   258 | D        | Killed a swamp drake
   258 | D        | Reached ** piety under Vehumet
   259 | D        | Reached skill level 11 in Fire Magic
   259 | D        | Killed a steam dragon
   259 | D        | Killed a steam dragon
   259 | D        | Killed a steam dragon
   260 | D        | Reached skill level 10 in Spellcasting
   260 | D        | Reached skill level 13 in Fire Magic
   260 | D        | Reached XP level 7. HP: 36/36 MP: 7/22
   356 | D        | Entered arena 5.
   356 | D        | Found a transporter.
   358 | D        | Offered knowledge of Static Discharge by Vehumet.
   358 | D        | Reached *** piety under Vehumet
   441 | D        | Entered arena 6.
   441 | D        | Noticed an ironbound convoker
   441 | D        | Noticed an ironbound frostheart
   441 | D        | Noticed a yaktaur captain
   441 | D        | Found a transporter.
   442 | D        | Shot with a bolt by a yaktaur captain

Illustrated notes

Levels and vault maps discovered:
D:        sprint_v [room_start, room_1, room_2, room_3, room_4, room_5, room_6,
          room_7, room_8, room_9, room_10, room_11, room_12, room_13, room_14,
          room_15, room_16, room_17, room_18, room_19, room_20, room_21,
          room_22, room_23, room_24, room_25, room_26, room_27]

Skill      XL: |  1  2  3  4  5  6 |
---------------+-------------------+-----
Dodging        | 4 5 7 |  7.4
Stealth        | 4 5 7 |  7.4
Spellcasting   | 6 7 8 10 | 10.5
Fire Magic     | 8 9 10 13 | 13.3
Conjurations   | 2 |  2.3
Evocations     | 1 2 3 |  3.5

Action                   |  1- 3 |  4- 6 |  7- 9 || total
-------------------------+-------+-------+-------++-------
 Cast: Fireball          |       |     3 |     4 ||     7
Evoke: Lightning rod     |     1 |     3 |       ||     4
       Wand              |     1 |     1 |       ||     2
Dodge: Dodged            |       |       |     1 ||     1

Table legend: (Time is in decaauts)
 A = Elapsed time spent in this place.
 B = Non-inter-level travel time spent in this place.
 C = Inter-level travel time spent in this place.
 D = Time resting spent in this place.
 E = Time spent auto-exploring this place.
 F = Levels seen in this place.
 G = Mean time per level.
                   A        B        C        D        E       F      G
               +--------+--------+--------+--------+--------+-----+--------+
         Total |    439 |    439 |      0 |    284 |      0 |   1 |  439.0 |
       Dungeon |    439 |    439 |      0 |    284 |      0 |   1 |  439.0 |
               +--------+--------+--------+--------+--------+-----+--------+

Top non-repeatable levels by time:
       D: 439 daAuts
